← All builds
Beach sea / Cortex / Economy first / OBSERVED BUILD

Standard beach sea

The role's usual play: com goes to sea to build a shipyard around 2 minutes, pumping frigates and destroyers to contest enemy sea entry or hold vision, with an advanced metal extractor around 10 minutes as the transition into the team's…

Usually shipyard first (94%)

#naval #eco · 772 distinct matches · 104 players · 84% of Cortex Beach sea games · team won 55% of 835 · Recently observed

HOW TO PLAY IT

Key timing: Shipyard by 1:57

  1. Open 3 mex and wind while com heads straight to sea.
  2. Drop Shipyard fast, before 2:00, to seize early sea presence.
  3. Push "frigate" out to contest enemy sea entry or hold vision.
  4. Add "destroyer" as the fleet grows.
  5. Transition into Advanced Metal Extractor to catch up on eco.

Phase by phase

TYPICAL OF ITS 772 GAMES
  1. 1
  2. 2
  3. 3
PLAY THE OPENING

Follow the example game's first 6:00 step by step: what to build now, what comes next, and where it goes. At 1× it keeps pace with your own game.

  1. 1

    Up to the Shipyard

    Economy
    • Metal Extractor3Mex
    • Wind Turbine3Windfor allies
    • Wind Turbine2Wind
    • Energy Storage1Energy storage
    Order
    1. ShipyardShipyard after 3 mex, 2 wind, 1 energy storagedone ~1:57, middle half 1:45–2:08

    By 1:41 in all: 3 mex · 2 wind · 1 energy storage

    The example game in this phase · 3 steps
    1. Mex ×3
    2. Wind ×3
    3. ShipyardShipyarddone 1:27 · typical 1:57
  2. 2

    Shipyard to 5:00

    Economy
    • Metal Extractor5Mex
    • Tidal Generator2Tidal
    Builders
    • Construction Ship2 Con ship
    Army
    • Riptide2 Frigate
    • Herring1 Missile corvette
    • Oppressor1 Destroyer
    Other
    • Naval Radar / Sonar Tower1 Naval Radar / Sonar Tower

    Some games also: Urchin (43%) · wind (40%) · submarine (39%) · gunboat (35%) · con turret (35%)

    By 5:00 in all: 8 mex · 3 wind · 2 tidal · 1 energy storage

    The example game in this phase · 15 steps
    1. RiptideFrigatedone 1:52 · typical 3:52
    2. Tidal ×2
    3. RiptideFrigate
    4. Tidal
    5. Construction ShipCon ship
    6. Tidal
    7. HerringMissile corvette
    8. Mex
    9. HerringMissile corvette
    10. OppressorDestroyerdone 4:45 · typical 5:08
    11. Mex
    12. Mex
    13. Mex
    14. Con turret
    15. RiptideFrigate
  3. 3

    5:00 to 10:00

    Economy
    • Metal Extractor1Mex
    • Wind Turbine10Wind
    Builders
    • Death Cavalry1 Death Cavalry
    • Construction Ship1 Con ship
    Army
    • Riptide5 Frigate
    • Oppressor2 Destroyer
    • Herring2 Missile corvette
    Other
    • Naval Radar / Sonar Tower1 Naval Radar / Sonar Tower

    Some games also: Urchin (50%) · Naval Construction Turret (48%) · Guard (47%) · Radar Tower (41%) · tidal (38%)

    By 10:00 in all: 9 mex · 12 wind · 4 wind · 4 tidal · 1 energy storage · 1 Naval Construction Turret

    The example game in this phase · 74 steps
    1. RiptideFrigate ×2
    2. Wind ×4
    3. RiptideFrigate
    4. Wind ×2
    5. Construction ShipCon ship
    6. Wind ×2
    7. Mex
    8. HerringMissile corvette
    9. Mex
    10. Wind
    11. UrchinUrchin
    12. GuardGuard
    13. OppressorDestroyer
    14. Wind
    15. Naval Construction Turret
    16. Wind ×2
    17. Mex
    18. Wind ×3
    19. Mex
    20. Wind
    21. GuardGuard
    22. Death CavalryDeath Cavalry
    23. Wind
    24. GuardGuard
    25. Wind
    26. Mex
    27. GuardGuard ×2
    28. Converter
    29. RiptideFrigate
    30. GuardGuard
    31. Converter
    32. UrchinUrchin
    33. Converter
    34. Radar TowerRadar Tower
    35. Converter
    36. RiptideFrigate
    37. Converter
    38. Naval Construction Turret
    39. Converter ×2
    40. Construction ShipCon ship
    41. UrchinUrchin
    42. Converter
    43. Advanced Metal ExtractorT2 mexdone 11:15 · typical 9:57
    44. Con turret
    45. OppressorDestroyer
    46. Mex
    47. Converter
    48. Naval Radar / Sonar TowerNaval Radar / Sonar Tower
    49. OppressorDestroyer
    50. Advanced Metal ExtractorT2 mex
    51. Wind
    52. UrchinUrchin ×2
    53. OppressorDestroyer
    54. Wind ×2
    55. Naval Construction Turret
    56. Wind
    57. Advanced Metal ExtractorT2 mex
    58. Naval Radar / Sonar TowerNaval Radar / Sonar Tower
    59. Wind
    60. RiptideFrigate
    61. Death CavalryDeath Cavalry
    62. Wind
    63. HerringMissile corvette
    64. OppressorDestroyer
    65. Wind ×2
    66. Naval Construction Turret
    67. Wind ×2
    68. OppressorDestroyer ×5
    69. Advanced Metal ExtractorT2 mex
    70. Wind ×2
    71. Mex
    72. Death CavalryDeath Cavalry
    73. Wind ×2
    74. HerringMissile corvette

Counts are medians over the build's games: half of them build more, half fewer. The example game is Damsko's (39 OS, 26/09/2026); pick another.

Team trades

IN AT LEAST 30% OF ITS GAMES

You hand over

  • Wind Turbine3 Wind to Airfirst at 1:53 · in 78% of games

You get

  • Finch1 Finch from Airfirst at 1:58 · in 82% of games
  • Lazarus1 Lazarus from Geofirst at 2:14 · in 61% of games
  • Hephaestus1 Heavy transport from Airfirst at 2:16 · in 69% of games
  • Construction Bot1 Con bot from Geofirst at 2:28 · in 69% of games
  • Hercules1 Light transport from Airfirst at 2:35 · in 32% of games
  • Advanced Construction Bot1 T2 con bot from Techfirst at 8:09 · in 88% of games

How it plays out

Typical game of this build, running totals by minute

Metal produced

010k20k30k
0:005:0010:0015:00

metal

Enemy metal destroyed

05k10k
0:005:0010:0015:00

metal

Own metal lost

02.5k5k7.5k
0:005:0010:0015:00

metal

835 games.

Show as table
ByMetal produced: This buildEnemy metal destroyed: This buildOwn metal lost: This build
1:0040300
2:0093700
3:00156500
4:002523050
5:003700197100
6:005029535251
7:0064741100590
8:00807018551041
9:00967728731621
10:001159240072365
11:001380852273102
12:001636062233842
13:001911472554615
14:002195382755711
15:002492992656526
WHAT THE NUMBERS SAY

Standard Beach sea wins more than Geo sea's 50% and gets its Shipyard up faster, using early sea access before falling behind on land resources.

  • + Shipyard finishes by 1:57, faster than Geo sea's 3:18
  • + 54% team win rate beats the Cortex geo sea baseline
  • − Metal produced trails Geo sea's Cortex build, 24356 vs 28451 by 15:00
  • − T2 factory only lands in 35% of games by 12:42
THE EXAMPLE YOU ARE READING

Damsko

39.0 OS · 26/09/2026

Open source match ↗

8 received units · includes a constructor
952 metal received · 26153 energy received

Allied construction assistance is unknown. Timings are observations, not a promise of solo reproducibility.

Typical milestones

Shipyard1:57Middle 50%: 1:45–2:08 · n=833
Riptide3:52Middle 50%: 3:16–4:34 · n=826
Oppressor5:08Middle 50%: 4:12–6:06 · n=807
Advanced Metal Extractor9:57Middle 50%: 9:15–10:53 · n=708

Played most by

EpicTyrannus78games of this buildDamsko66games of this buildWaboum64games of this buildPRO_HYDRA57games of this buildMrCoolPotato51games of this build